 Dungeon Crawl Stone Soup version 0.31.0 (webtiles) character file.

Game seed: 13819205859638341497

154 SnakkuSnakku7 the Chopper (level 5, -1/33 (41) HPs)
             Began as a Formicid Cinder Acolyte on Jan 20, 2024.
             Was an Elder of Ignis.
             Slain by an orc priest
             ... wielding a +0 trident
              (4 damage)
             ... on level 3 of the Dungeon.
             The game lasted 00:02:38 (1552 turns).

SnakkuSnakku7 the Chopper (Formicid Cinder Acolyte) Turns: 1552, Time: 00:02:38

HP:   -1/33 (41)    AC:  7    Str: 26    XL:     5   Next: 63%
MP:   6/6           EV: 10    Int: 14    God:    Ignis [****..]
Gold: 114           SH:  0    Dex:  9    Spells: 6/6 levels left

rFire   + . .        a - -1 hand axe (flame)
rCold   . . .        (no shield)
rNeg    . . .        i - +0 ring mail
rPois   .            (helmet unavailable)
rElec   .            j - +0 cloak
rCorr   .            e - +0 pair of gloves
SInv    +            (no boots)
Will    .....        m - amulet of regeneration Stlth
                     h - +6 ring of strength
HPRegen 1.05/turn    (no ring)
MPRegen 0.10/turn

%: no passive effects
@: heavily drained
A: permanent stasis, dig shafts and tunnels, antennae 3, four strong arms
a: Dig, Shaft Self, Renounce Religion, Fiery Armour, Foxfire Swarm, Rising Flame


You were on level 3 of the Dungeon.
You worshipped Ignis.
Ignis was greatly pleased with you.
You visited 1 branch of the dungeon, and saw 3 of its levels.

You collected 114 gold pieces.

Inventory:

Hand Weapons
 a - a -1 hand axe of flaming (weapon)
Missiles
 f - 5 poisoned darts (quivered)
Armour
 b - a +0 robe
 e - a +0 pair of gloves (worn)
 i - a +0 ring mail (worn)
 j - a +0 cloak (worn)
Jewellery
 d - a ring of magical power
 h - a +6 ring of strength (left hand)
 m - an amulet of regeneration (around neck)
Wands
 o - a wand of acid (5)
Scrolls
 g - 2 scrolls of fear {unknown}
 l - 2 scrolls of vulnerability {unknown}
 p - a scroll of immolation {unknown}
Potions
 c - 2 potions of heal wounds {unknown}
 k - 4 potions of curing {unknown}
 n - a potion of brilliance {unknown}


   Skills:
 - Level 3.2 Fighting
 - Level 5.5(5.6) Axes
 + Level 1.7(3.9) Maces & Flails
 - Level 1.1 Spellcasting
 - Level 3.0 Fire Magic


You had 6 spell levels left.
You didn't know any spells.
Your spell library contained the following spells:

 Spells                   Type           Power      Damage    Failure   Level
 Scorch                   Fire           18%        2d5       17%         2
 Magic Dart               Conj           0%         1d3       36%         1
 Call Imp                 Summ           0%         N/A       52%         2
 Blink                    Tloc           Unusable   N/A       N/A         2

Dungeon Overview and Level Annotations

Branches:
Dungeon (3/15)

Altars:
Xom

Shops:
D:2 *


Innate Abilities, Weirdness & Mutations

You cannot be hasted, slowed, berserked, paralysed or teleported.
You can dig through walls and to a lower floor.
You have a pair of large antennae on your head. (SInv)
Your four strong arms can wield two-handed weapons with a shield.


Message History

You struggle to resist.
You hit the orc priest.
The orc priest is moderately wounded.
The orc priest looks braver for a moment.
You barely miss the orc priest.
The orc priest is moderately wounded.
The orc priest calls down the wrath of Beogh upon you.
You struggle to resist.
You hit the orc priest. You burn the orc priest.
The orc priest is severely wounded.
The orc priest hits you with a +0 trident.
The orc priest hits you but does no damage.
You barely miss the orc priest.
The orc priest is severely wounded.
The orc priest barely misses you.
You barely miss the orc priest.
The orc priest is severely wounded.
The orc priest hits you with a +0 trident.
You barely miss the orc priest.
The orc priest is severely wounded.
The orc priest hits you but does no damage.
You barely miss the orc priest.
The orc priest is severely wounded.
The orc priest barely misses you.
You hit the orc priest but do no damage.
The orc priest is severely wounded.
The orc priest hits you with a +0 trident.
You hit the orc priest. You burn the orc priest.
The orc priest is almost dead.
The orc priest calls down the wrath of Beogh upon you.
Pain shoots through your body!
You closely miss the orc priest.
The orc priest is almost dead.
The orc priest invokes the aid of Beogh against you.
Beogh smites you!
* * * LOW HITPOINT WARNING * * *
You hit the orc priest but do no damage.
The orc priest is almost dead.
The orc priest hits you with a +0 trident.
You die...

#.....######.###.#
####..##.........#
#.....###.#####
#>.#### #.#
#..######.#
#.....^...#
##.######## #.###
#.#@## #.##o#
##.#{## ##...#.#
.###..?..###...
#...)..........#
#######.########
#{# #w#


You could see an orc priest.

Vanquished Creatures
  Ijyb (D:3)
  7 adders
  A dart slug (D:2)
  3 ribbon worms (D:2)
  5 ball pythons
  3 endoplasms (D:1)
  4 giant cockroaches
  8 goblins
  2 hobgoblins (D:1)
  2 jackals (D:1)
  4 quokkas
  6 bats
  4 frilled lizards
  6 kobolds
  2 rats
58 creatures vanquished.

Vanquished Creatures (others)
  31 foxfires
31 creatures vanquished.

Grand Total: 89 creatures vanquished

Notes
Turn   | Place    | Note
-------+----------+-------------------------------------------
     0 | D:1      | SnakkuSnakku7 the Formicid Cinder Acolyte began the quest
                  | for the Orb.
     0 | D:1      | Reached XP level 1. HP: 18/18 MP: 2/2
    54 | D:1      | Reached XP level 2. HP: 3/24 MP: 3/3
   315 | D:1      | Reached skill level 4 in Axes
   315 | D:1      | Reached XP level 3. HP: 24/29 MP: 4/4
   583 | D:2      | Reached XP level 4. HP: 35/35 MP: 5/5
   602 | D:2      | Found Lolar's Assorted Antiques.
   639 | D:2      | Found a shimmering altar of Xom.
   775 | D:2      | Reached skill level 5 in Axes
   955 | D:2      | Reached XP level 5. HP: 40/41 MP: 6/6
  1211 | D:3      | Noticed Ijyb
  1222 | D:3      | Killed Ijyb
  1223 | D:3      | Reached skill level 1 in Maces & Flails
  1435 | D:3      | Found a faded altar of an unknown god.
  1552 | D:3      | Slain by an orc priest

Illustrated notes

Levels and vault maps discovered:
D:1:      evilmike_arrival_home_sweet_home, layout_rooms, roderic_roman_lattice
D:2:      layout_rooms, basic_altar, serial_shops, shop, kennysheep_potato
D:3:      layout_loops_corners, ebering_ecumenical_altar_hall, uniq_ijyb

Skill      XL: |  1  2  3  4  5 |
---------------+----------------+-----
Axes           | 4 5 |  5.5
Maces & Flails | 1 |  1.7
Fighting       | |  3.2
Spellcasting   | |  1.1
Fire Magic     | |  3.0

Action                     |  1- 3 |  4- 6 || total
---------------------------+-------+-------++-------
  Melee: Hand axe          |    77 |   114 ||   191
 Invoke: Foxfire Swarm     |     1 |     1 ||     2
Ability: Dig               |       |     1 ||     1
 Armour: Robe              |    44 |       ||    44
         Ring mail         |     4 |    92 ||    96
  Dodge: Dodged            |    55 |    58 ||   113
